 Dungeon Crawl Stone Soup version 0.23.1 (webtiles) character file.

Game seed: 0

24129 dengdeng the Cleaver (level 12, -31/110 HPs)
             Began as a Minotaur Berserker on Mar 10, 2019.
             Was the Champion of Trog.
             Annihilated by a very large slime creature (49 damage)
             ... on level 13 of the Dungeon on Mar 11, 2019.
             The game lasted 00:57:21 (14554 turns).

dengdeng the Cleaver (Minotaur Berserker)          Turns: 14554, Time: 00:57:21

Health: -31/110    AC: 22    Str: 28    XL:     12   Next: 77%
Magic:  11/11      EV:  9    Int:  4    God:    Trog [******]
Gold:   1271       SH:  4    Dex:  9    Spells: 11/11 levels left

rFire    + . .     SeeInvis .   Q - +4 war axe (chop)
rCold    . . .     Gourm    .   N - +0 buckler
rNeg     . . .     Faith    +   H - +2 plate armour
rPois    +         Spirit   .   (helmet restricted)
rElec    .         Reflect  .   q - +0 cloak
rCorr    .         Harm     .   p - +0 pair of gloves
MR       .....                  O - +0 pair of boots
Stlth    ..........             n - amulet of faith
HPRegen  0.28/turn              Y - ring of poison resistance
MPRegen  0.12/turn              J - ring of protection from fire

@: no status effects
A: retaliatory headbutt, horns 2
a: Berserk, Trog's Hand, Brothers in Arms, Renounce Religion


You were on level 13 of the Dungeon.
You worshipped Trog.
Trog was exalted by your worship.
You were not hungry.

You visited 1 branch of the dungeon, and saw 13 of its levels.
You also visited: Ossuary.

You collected 1361 gold pieces.
You spent 90 gold pieces at shops.

Inventory:

Hand Weapons
 G - a +5 great mace
 P - the +3 war axe "Qanoraadgh" {chop, rPois Int-2 Dex+2 SInv}
   (You found it on level 8 of the Dungeon)

   It inflicts extra damage upon your enemies.
   It affects your intelligence (-2).
   It affects your dexterity (+2).
   It protects you from poison.
   It lets you see invisible.
 Q - a +4 war axe of chopping (weapon)
 X - a +2 battleaxe of flaming
Missiles
 i - 442 stones
 E - 11 javelins
 I - 4 tomahawks
 R - 6 tomahawks of returning (quivered)
Armour
 p - a +0 pair of gloves (worn)
 q - a +0 cloak (worn)
 H - a +2 plate armour (worn)
 L - +0 fire dragon scales
 N - a +0 buckler (worn)
 O - a +0 pair of boots (worn)
Jewellery
 d - an uncursed ring of stealth
 n - an amulet of faith (around neck)
 o - an uncursed amulet of the gourmand
 r - an uncursed ring of protection from cold
 J - a ring of protection from fire (right hand)
 Y - a ring of poison resistance (left hand)
Wands
 D - a wand of digging (14)
 U - a wand of paralysis (7)
Scrolls
 a - a scroll of fog {unknown}
 b - 5 scrolls of identify
 e - 4 scrolls of amnesia {unknown}
 f - 3 scrolls of enchant weapon
 g - 4 scrolls of fear
 h - 5 scrolls of teleportation
 s - a scroll of magic mapping {unknown}
 t - 6 scrolls of random uselessness {unknown}
 v - 5 scrolls of noise {unknown}
 y - 3 scrolls of immolation {unknown}
 C - 4 scrolls of remove curse
 F - a scroll of blinking {unknown}
 M - 2 scrolls of brand weapon {unknown}
 S - a scroll of summoning {unknown}
Potions
 j - 4 potions of brilliance {unknown}
 k - 11 potions of curing {unknown}
 l - 5 potions of might {unknown}
 m - 2 potions of ambrosia {unknown}
 u - a potion of degeneration {unknown}
 w - 3 potions of resistance {unknown}
 x - 3 potions of flight {unknown}
 z - a potion of mutation {unknown}
 A - 2 potions of lignification {unknown}
 B - a potion of agility
 V - a potion of experience {unknown}
 Z - a potion of heal wounds {unknown}
Miscellaneous
 T - a lightning rod (4/4)
Comestibles
 c - 20 rations


   Skills:
 + Level 11.3 Fighting
 + Level 14.3(15.6) Axes
 + Level 11.3(14.2) Maces & Flails
 + Level 1.2 Throwing
 + Level 13.3 Armour
 + Level 4.3 Dodging
 + Level 2.1 Stealth
 + Level 2.5 Shields


You had 11 spell levels left.
You didn't know any spells.
Your spell library was empty.

Dungeon Overview and Level Annotations

Branches:
Dungeon (13/15)            Temple (0/1) D:7            Lair (0/6) D:11
    Orc (0/2) D:11
 Vaults: D:13-14

Altars:
Cheibriados
Dithmenos
Fedhas
Hepliaklqana
Trog
Uskayaw
Wu Jian
Yredelemnul

Shops:
D:6 %[=?

Annotations:
D:10 3 runed translucent doors, Qwackers's ghost, journeyman FoFi
D:13 exclusion: oklob plant, Sonja


Innate Abilities, Weirdness & Mutations

You reflexively headbutt those who attack you in melee.
You have a pair of horns on your head.


Message History

You headbutt the very large slime creature.
The very large slime creature is almost dead.
The very large slime creature hits you!!
* * * LOW HITPOINT WARNING * * *
You barely miss the very large slime creature.
Your headbutt misses the very large slime creature.
The very large slime creature is almost dead.
Unknown command.
You hit the very large slime creature.
You headbutt the very large slime creature.
The very large slime creature is almost dead.
You slash the slime creature!
The very large slime creature closely misses you.
You block the slime creature's attack.
You hit the very large slime creature.
Your headbutt misses the very large slime creature.
The very large slime creature is almost dead.
You slice the slime creature!!
The very large slime creature hits you!!!
You die...

.. .##..#.(##.##.#.##
.#####..#............
........#..##.##.#.# .#
##.....##.##.#.# ..
#.#...##†##.#.# ..
#.............#####
........................
............##J#.#####
........##...#@# #
.###.##.##...#J# #.
.......#.# ...#......#.#
#.... #.. #.# #.# #.#


You could see a very large slime creature and a slime creature.

Vanquished Creatures
  A fire dragon (D:11)
  3 hydras
  Erolcha (D:10)
  A centaur warrior (D:13)
  2 two-headed ogres
  An unseen horror (D:11)
  The ghost of Frank the Slasher, a novice OpFi (D:7)
  2 cyclopes (D:12)
  An ugly thing (D:11)
  A manticore (D:11)
  3 gargoyles
  The ghost of bananaglory the Spear-Bearer, a novice MfSk (D:4)
  A kobold demonologist (D:11)
  3 trolls
  A hornet (D:8)
  6 hippogriffs
  2 dream sheep (D:8)
  A shadow (D:13)
  A wraith (D:11)
  2 wyverns
  22 yaks
  Grum (D:10)
  A hungry ghost (D:9)
  An acid dragon (D:13)
  5 orc warriors
  6 ice beasts
  3 black bears
  A sky beast (D:9)
  10 ogres
  A phantom (D:9)
  3 wolves (D:10)
  10 centaurs
  A crocodile (D:12)
  4 big kobolds (D:8)
  10 bullfrogs
  A wyvern zombie (D:6)
  A water moccasin zombie (D:5)
  10 scorpions
  12 wights
  17 killer bees
  3 centaur zombies (Ossuary)
  4 crimson imps
  2 bullfrog zombies
  2 quasits
  3 centaur skeletons
  12 orc wizards
  Crazy Yiuf (D:2)
  5 orc priests
  7 hounds
  A human zombie (Ossuary)
  4 jellies
  A bullfrog skeleton (D:13)
  7 worker ants
  2 big kobold zombies (Ossuary)
  A bullfrog simulacrum (D:7)
  3 mummies (Ossuary)
  A gnoll (D:4)
  3 scorpion zombies (Ossuary)
  10 adders
  A howler monkey skeleton (D:11)
  A hound simulacrum (D:7)
  2 shadow imps
  3 white imps
  A howler monkey simulacrum (D:7)
  An ooze (D:1)
  An adder zombie (D:9)
  An adder skeleton (D:4)
  2 worms
  2 dart slugs
  5 leopard geckos
  31 orcs
  8 giant cockroaches
  12 goblins
  4 hobgoblins
  12 jackals
  18 kobolds
  9 quokkas
  2 ball pythons
  10 bats
  8 frilled lizards
  A gnoll zombie (Ossuary)
  2 goblin zombies (Ossuary)
  2 hobgoblin zombies (Ossuary)
  A kobold zombie (Ossuary)
  An orc zombie (Ossuary)
  A quokka skeleton (D:7)
  A quokka zombie (D:9)
  9 rats
379 creatures vanquished.

Vanquished Creatures (others)
  A scorpion (Ossuary)
  4 plants (D:10)
5 creatures vanquished.

Grand Total: 384 creatures vanquished

Notes
Turn   | Place    | Note
-------+----------+-------------------------------------------
     0 | D:1      | dengdeng the Minotaur Berserker began the quest for the
                  | Orb.
     0 | D:1      | Reached XP level 1. HP: 19/19 MP: 0/0
   197 | D:1      | Reached skill level 4 in Axes
   203 | D:1      | Reached XP level 2. HP: 27/27 MP: 1/1
   618 | D:1      | Reached ** piety under Trog
   668 | D:1      | Reached XP level 3. HP: 31/33 MP: 2/2
   670 | D:1      | Reached skill level 1 in Maces & Flails
  1450 | D:2      | Reached XP level 4. HP: 36/40 MP: 3/3
  1939 | D:2      | Found a runed translucent door.
  1940 | D:2      | Noticed Crazy Yiuf
  1952 | D:2      | Killed Crazy Yiuf
  2152 | D:3      | Reached *** piety under Trog
  2245 | D:3      | Reached XP level 5. HP: 47/47 MP: 4/4
  2856 | D:4      | Reached XP level 6. HP: 50/53 MP: 5/5
  2882 | D:4      | Found a transporter.
  2882 | D:4      | Noticed bananaglory's ghost (novice MfSk)
  2883 | D:4      | Found a transporter.
  3037 | D:4      | Found a sand-covered staircase.
  3044 | Ossuary  | Entered an ossuary
  3097 | Ossuary  | Reached skill level 5 in Maces & Flails
  3305 | Ossuary  | Reached skill level 5 in Armour
  3305 | Ossuary  | Reached XP level 7. HP: 60/60 MP: 6/6
  3344 | Ossuary  | Reached skill level 1 in Stealth
  3531 | Ossuary  | Reached skill level 5 in Fighting
  3863 | D:4      | Reached XP level 8. HP: 63/68 MP: 7/7
  5049 | D:4      | Reached **** piety under Trog
  5062 | D:4      | Killed bananaglory's ghost
  5229 | D:5      | Entered Level 5 of the Dungeon
  5342 | D:5      | Reached XP level 9. HP: 77/77 MP: 8/8
  5939 | D:6      | Got an iridescent trident
  6008 | D:6      | Identified the cursed +1 trident of Revolt {drain, rC+
                  | Str+3 Dex-5} (You found it on level 6 of the Dungeon)
  6053 | D:6      | Found Vonocs's Jewellery Boutique.
  6109 | D:6      | Found Ucsost's Antique Armour Shoppe.
  6120 | D:6      | Found Myugg's Magic Scroll Boutique.
  6173 | D:6      | Bought a scroll of enchant armour for 90 gold pieces
  6305 | D:6      | Reached skill level 10 in Maces & Flails
  6566 | D:6      | Found Fequmo Waixo's Food Boutique.
  6784 | D:7      | Found a staircase to the Ecumenical Temple.
  6813 | D:7      | Reached skill level 10 in Armour
  6898 | D:7      | Found a runed translucent gate.
  6947 | D:7      | Found a hide-covered altar of Uskayaw.
  6947 | D:7      | Found a shadowy altar of Dithmenos.
  6953 | D:7      | Found a basalt altar of Yredelemnul.
  6956 | D:7      | Found an ornate altar of the Wu Jian Council.
  6957 | D:7      | Found a bloodstained altar of Trog.
  7443 | D:7      | Noticed Frank's ghost (novice OpFi)
  7461 | D:7      | Found a runed translucent gate.
  7461 | D:7      | Found a runed translucent gate.
  7654 | D:7      | Reached XP level 10. HP: 86/86 MP: 9/9
  7655 | D:7      | Killed Frank's ghost
  7655 | D:7      | Reached ***** piety under Trog
  7666 | D:7      | Reached skill level 5 in Axes
  7761 | D:8      | Got a crude war axe
  7775 | D:8      | Reached skill level 6 in Axes
  7840 | D:8      | Identified the cursed +3 war axe "Qanoraadgh" {chop, rPois
                  | Int-2 Dex+2 SInv} (You found it on level 8 of the Dungeon)
  8211 | D:8      | Found a blossoming altar of Fedhas.
  8212 | D:8      | Found a snail-covered altar of Cheibriados.
  8213 | D:8      | Found a hazy altar of Hepliaklqana.
  8343 | D:8      | Reached skill level 7 in Axes
  8439 | D:8      | Reached skill level 8 in Axes
  8440 | D:8      | Noticed a three-headed hydra
  8453 | D:8      | Killed a seven-headed hydra
  8471 | D:8      | Reached skill level 1 in Shields
  8984 | D:9      | Received a gift from Trog
  9099 | D:9      | Reached XP level 11. HP: 78/95 MP: 10/10
  9320 | D:9      | Got a slimy falchion
  9326 | D:9      | Identified the +1 falchion "Omari" {holy, rElec Str-2
                  | Stlth+} (You found it on level 9 of the Dungeon)
  9701 | D:9      | Noticed a two-headed ogre
  9711 | D:9      | Killed a two-headed ogre
  9711 | D:9      | Reached skill level 9 in Axes
 10380 | D:10     | Entered Level 10 of the Dungeon
 10380 | D:10     | Noticed Erolcha
 10389 | D:10     | Received a gift from Trog
 10390 | D:10     | Killed Erolcha
 10392 | D:10     | Reached skill level 10 in Axes
 10403 | D:10     | Noticed Grum
 10594 | D:10     | Killed Grum
 10977 | D:10     | Found a runed translucent gate.
 10981 | D:10     | Found a runed translucent gate.
 10985 | D:10     | Noticed Qwackers's ghost (journeyman FoFi)
 10985 | D:10     | Noticed a ten-headed hydra
 10988 | D:10     | Noticed a 12-headed hydra
 11008 | D:10     | Found a runed translucent gate.
 11267 | D:11     | Reached skill level 11 in Axes
 11669 | D:11     | Noticed an unseen horror
 11674 | D:11     | Killed an unseen horror
 12266 | D:11     | Noticed a fire dragon
 12274 | D:11     | Found a staircase to the Orcish Mines.
 12284 | D:11     | Killed a fire dragon
 12284 | D:11     | Reached skill level 10 in Fighting
 12459 | D:11     | Reached XP level 12. HP: 105/106 MP: 11/11
 12459 | D:11     | Reached skill level 12 in Axes
 12658 | D:11     | Found a staircase to the Lair.
 12679 | D:11     | Noticed a four-headed hydra
 12686 | D:11     | Killed a one-headed hydra
 12690 | D:11     | Reached ****** piety under Trog
 12735 | D:11     | Noticed a four-headed hydra
 12740 | D:11     | Killed a two-headed hydra
 12740 | D:11     | Reached skill level 13 in Axes
 13146 | D:12     | Received a gift from Trog
 13722 | D:12     | Reached skill level 1 in Throwing
 14205 | D:13     | Reached skill level 14 in Axes
 14336 | D:13     | Noticed a two-headed ogre
 14346 | D:13     | Killed a two-headed ogre
 14351 | D:13     | Noticed Sonja
 14453 | D:13     | Noticed a centaur warrior
 14465 | D:13     | Killed a centaur warrior
 14554 | D:13     | Annihilated by a very large slime creature

Skill      XL: |  1  2  3  4  5  6  7  8  9 10 11 12 |
---------------+-------------------------------------+-----
Axes           | 4 8 11 14 | 14.3
Fighting       | 4 5 6 7 8 10 11 | 11.3
Maces & Flails | 1 2 4 5 6 8 11 | 11.3
Armour         | 3 4 5 6 8 10 11 12 13 | 13.3
Dodging        | 3 4 |  4.3
Stealth        | 1 2 |  2.1
Shields        | 1 2 |  2.5
Throwing       | 1 |  1.2

Action                   |  1- 3 |  4- 6 |  7- 9 | 10-12 || total
-------------------------+-------+-------+-------+-------++-------
Melee: Mace              |    98 |   166 |   168 |       ||   432
       Headbutt          |    13 |    17 |    58 |   100 ||   188
       Great mace        |       |       |   130 |       ||   130
       Battleaxe         |       |       |    32 |   180 ||   212
       War axe           |       |       |       |   260 ||   260
Throw: Javelin           |       |       |       |     2 ||     2
       Tomahawk          |       |       |       |    12 ||    12
Invok: Berserk           |       |     1 |     3 |     2 ||     6
  Use: Scroll            |       |       |    10 |     7 ||    17
  Eat: Chunk             |     2 |     6 |     7 |    15 ||    30
       Ration            |       |       |     3 |     3 ||     6
Armor: Animal skin       |     6 |       |       |       ||     6
       Ring mail         |    38 |       |       |       ||    38
       Chain mail        |     7 |   106 |   111 |       ||   224
       Plate armour      |       |       |   112 |   399 ||   511
Dodge: Dodged            |    74 |    96 |   176 |   255 ||   601
Block: Buckler           |       |       |       |    23 ||    23
